 Dungeon Crawl Stone Soup version 0.21.0-25-ge575cb9 (webtiles) character file.

8844 loljkpro the Covert (level 11, -5/88 (90) HPs)
             Began as a Spriggan Enchanter on Jan 25, 2018.
             Was an Elder of Dithmenos.
             Slain by a white ugly thing (20 damage)
             ... on level 11 of the Dungeon.
             The game lasted 01:00:12 (14837 turns).

loljkpro the Covert (Spriggan Enchanter)           Turns: 14837, Time: 01:00:13

HP:   -5/88 (90)    AC: 25    Str:  9    XL:     11   Next: 15%
MP:   22/25         EV:  4    Int: 21    God:    Dithmenos [****..]
Gold: 155           SH:  3    Dex: 16    Spells: 13/28 levels left

rFire    . . .     SeeInvis +   a - +3 dagger (venom)
rCold    . . .     Gourm    .   (shield restricted)
rNeg     + + +     Faith    .   (armour currently unavailable)
rPois    +         Spirit   .   (helmet currently unavailable)
rElec    .         Reflect  +   (cloak currently unavailable)
rCorr    .         Harm     .   (gloves unavailable)
MR       +....     NoTele   +   (boots unavailable)
Stlth    ++++++++..             L - +3 amulet of reflection
HPRegen  0.24/turn              (no ring)
MPRegen  0.19/turn              y - +5 ring of strength

@: tree-form, wreathed by umbra
A: very small, unfitting armour, see invisible, herbivore, slow metabolism 2
a: Shadow Step, Renounce Religion


You were on level 11 of the Dungeon.
You worshipped Dithmenos.
Dithmenos was greatly pleased with you.
You were near starving.
You were a tree.
You visited 1 branch of the dungeon, and saw 11 of its levels.

You collected 645 gold pieces.
You spent 490 gold pieces at shops.

Inventory:

Hand Weapons
 a - a +3 dagger of venom (weapon)
 b - a +0 hunting sling
 W - a +1 dagger of speed
Missiles
 i - 381 stones (quivered)
 s - 3 throwing nets
 w - 5 needles of sleeping
 E - 66 poisoned needles
 G - 8 needles of confusion
Armour
 e - a +0 cloak (melded)
 k - a +0 robe (melded)
 F - a cursed +0 buckler
Jewellery
 y - a +5 ring of strength (right branch)
 L - a +3 amulet of reflection (around neck)
Wands
 v - a wand of polymorph (19)
 A - a wand of digging (10)
 B - a wand of scattershot (3)
 J - a wand of acid (10)
Scrolls
 f - 5 scrolls of remove curse
 j - 10 scrolls of identify
 l - 4 scrolls of magic mapping
 m - 2 scrolls of random uselessness {unknown}
 p - 6 scrolls of enchant armour
 q - 5 scrolls of teleportation {unknown}
 C - 2 scrolls of amnesia
 K - 2 scrolls of fear
 M - a scroll of fog {unknown}
 N - a scroll of enchant weapon
 P - a scroll of holy word {unknown}
 Q - a scroll of silence {unknown}
 R - a scroll of blinking {unknown}
 T - a scroll of brand weapon {unknown}
 U - a scroll of vulnerability {unknown}
Potions
 g - a potion of brilliance {unknown}
 h - 2 potions of ambrosia {unknown}
 n - a potion of haste
 o - 2 potions of lignification
 r - 2 potions of flight {unknown}
 u - 2 potions of heal wounds {unknown}
 z - 2 potions of might
 D - 4 potions of curing {unknown}
 H - a potion of mutation {unknown}
 O - a potion of magic {unknown}
 V - a potion of berserk rage {unknown}
Books
 c - a book of Maledictions

   Spells                             Type                      Level
   a - Corona                         Hexes                        1
   b - Ensorcelled Hibernation        Hexes/Ice                    2
   c - Confuse                        Hexes                        3
   d - Tukima's Dance                 Hexes                        3
   e - Dazzling Spray                 Conjuration/Hexes            3
 t - a book of Cantrips

   Spells                             Type                      Level
   a - Confusing Touch                Hexes                        1
   b - Animate Skeleton               Necromancy                   1
   c - Summon Small Mammal            Summoning                    1
   d - Apportation                    Translocation                1
 I - a book of Geomancy

   Spells                             Type                      Level
   a - Sandblast                      Earth                        1
   b - Passwall                       Transmutation/Earth          2
   c - Stone Arrow                    Conjuration/Earth            3
   d - Petrify                        Transmutation/Earth          4
   e - Lee's Rapid Deconstruction     Earth                        5
 Y - a book of Flames

   Spells                             Type                      Level
   a - Flame Tongue                   Conjuration/Fire             1
   b - Throw Flame                    Conjuration/Fire             2
   c - Conjure Flame                  Conjuration/Fire             3
   d - Inner Flame                    Hexes/Fire                   3
   e - Sticky Flame                   Conjuration/Fire             4
   f - Fireball                       Conjuration/Fire             5
   Dithmenos disapproves of the use of such an item.
 Z - a book of Summonings

   Spells                             Type                      Level
   a - Recall                         Summoning/Translocation      3
   b - Aura of Abjuration             Summoning                    5
   c - Summon Demon                   Summoning                    5
   d - Summon Forest                  Summoning/Translocation      5
   e - Summon Mana Viper              Hexes/Summoning              5
   f - Shadow Creatures               Summoning                    6
Miscellaneous
 S - a phantom mirror
Comestibles
 d - 21 rations


   Skills:
 - Level 8.1 Fighting
 - Level 4.3 Short Blades
 - Level 3.0 Dodging
 - Level 12.0 Stealth
 - Level 9.1 Spellcasting
 - Level 9.0 Hexes
 - Level 3.8 Necromancy
 + Level 3.2 Translocations
 - Level 3.1 Ice Magic


You had 13 spell levels left.
You knew the following spells:

 Your Spells              Type           Power        Failure   Level  Hunger
a - Corona                Hex            #####..      1%          1    None
c - Confuse               Hex            #####...     1%          3    None
i - Ensorcelled Hibernat  Hex/Ice        #####.       1%          2    None
r - Animate Skeleton      Necr           N/A          1%          1    None
t - Tukima's Dance        Hex            #####...     1%          3    None
S - Summon Forest         Summ/Tloc      ###.......   71%         5    #####..


Dungeon Overview and Level Annotations

Branches:
Dungeon (11/15)            Temple (0/1) D:6            Lair (0/6) D:9
    Orc: D:9-12

Altars:
Ashenzari
Dithmenos
Elyvilon
Fedhas
Gozag
Ru
Sif Muna
Yredelemnul
The Shining One

Shops:
D:4 ?   D:5 }

Annotations:
D:1 rock wall


Innate Abilities, Weirdness & Mutations

You are very small and have problems with some larger weapons.
You are too small for most types of armour.
You have supernaturally acute eyesight. (SInv)
You are a herbivore.
((You cover ground extremely quickly.))
You need consume almost no food.


Message History

You take 5 damage, and have 11/59 hp.
Unknown command.
It was a potion of lignification.
You turn into a tree.
Your +0 cloak melds into your body.
Your +0 robe melds into your body.
Your roots penetrate the ground.
The centaur shoots an arrow.
The arrow barely misses you.
The white ugly thing stings you but does no damage.
You now have 16/88 hp.
Okay, then.
Casting: Corona
Confirm with . or Enter, or press ? or * to list all spells.
Aiming: Confuse
Press: ? - help, Shift-Dir - straight line, f - white ugly thing
Aim: a white ugly thing (black smoke, lightly wounded, poisoned, umbra, chance to defeat MR: 53%)
The white ugly thing resists with significant effort.
The centaur unwields an uncursed shortbow.
The centaur barely misses you. The white ugly thing stings you.
* * * LOW HITPOINT WARNING * * *
The white ugly thing freezes you!!
You die...

#.......... +.........
#........ #.......
#......##########+###
#......#.............
#.§§§§.#.............
#.§§uc§'.............
#.§§♣§§#.............
#.§§§§§#.............
#.§§§.§##########'###
#....§§.......#......
#.............#......
#.............'......
#../..........#......
#.............#......
########################......


You could see a white ugly thing and a centaur.

Vanquished Creatures
  An unseen horror (D:10)
  A manticore (D:11)
  A cyclops (D:9)
  Psyche (D:9)
  The ghost of asdu the Chiller, a novice NaIE (D:6)
  A troll (D:11)
  A hornet (D:9)
  A hippogriff (D:10)
  Sigmund (D:4)
  A human (D:7)
  10 yaks
  4 hogs (D:7)
  A hungry ghost (D:7)
  2 wargs (D:9)
  An orc warrior (D:6)
  2 sky beasts
  2 phantoms
  An eye of draining (D:11)
  A necrophage (D:6)
  3 ogres
  2 centaurs
  A big kobold (D:11)
  4 bullfrogs
  3 scorpions
  3 killer bees (D:11)
  An electric eel (D:6)
  A howler monkey (D:4)
  3 crimson imps
  3 bullfrog skeletons
  6 hounds
  3 jellies
  A centaur zombie (D:7)
  A quasit (D:8)
  Crazy Yiuf (D:2)
  3 orc priests
  A gnoll shaman (D:7)
  A centaur skeleton (D:6)
  2 iguanas
  14 orc wizards
  6 worker ants
  Robin (D:4)
  8 gnolls
  8 adders
  A shadow imp (D:11)
  5 worms
  8 dart slugs (D:6)
  8 leopard geckos
  35 orcs
  4 giant cockroaches
  16 goblins
  10 hobgoblins
  10 jackals
  6 quokkas
  4 ball pythons
  6 bats
  4 frilled lizards
  9 kobolds
  A leopard gecko skeleton (D:8)
  7 rats
248 creatures vanquished.

Vanquished Creatures (collateral kills)
  A two-headed ogre (D:10)
  A warg (D:9)
  An orc warrior (D:11)
  2 orcs
5 creatures vanquished.

Vanquished Creatures (others)
  2 dancing weapons
2 creatures vanquished.

Grand Total: 255 creatures vanquished

Notes
Turn   | Place    | Note
-------+----------+-------------------------------------------
     0 | D:1      | loljkpro the Spriggan Enchanter began the quest for the Orb.
     0 | D:1      | Reached XP level 1. HP: 9/9 MP: 5/5
   558 | D:1      | Reached XP level 2. HP: 13/13 MP: 5/7
   563 | D:1      | Learned a level 2 spell: Ensorcelled Hibernation
   641 | D:1      | Reached skill level 5 in Stealth
  1154 | D:2      | Reached XP level 3. HP: 16/16 MP: 4/8
  1205 | D:2      | Learned a level 3 spell: Confuse
  1564 | D:2      | Reached XP level 4. HP: 21/21 MP: 9/9
  1656 | D:2      | Found a runed door.
  1772 | D:2      | Learned a level 3 spell: Tukima's Dance
  2331 | D:3      | Found a shadowy altar of Dithmenos.
  2838 | D:3      | Reached skill level 5 in Hexes
  3162 | D:2      | Noticed Crazy Yiuf
  3167 | D:2      | Killed Crazy Yiuf
  3167 | D:2      | Reached XP level 5. HP: 24/24 MP: 4/11
  3413 | D:3      | Became a worshipper of Dithmenos the Shadowed
  3446 | D:3      | Found a shattered altar of Ashenzari.
  3837 | D:4      | Noticed an ogre
  3853 | D:4      | Killed an ogre
  3853 | D:4      | Reached skill level 5 in Spellcasting
  4053 | D:4      | Reached XP level 6. HP: 28/28 MP: 10/15
  4529 | D:4      | Found Viliux's Magic Scroll Boutique.
  4537 | D:4      | Bought a scroll of enchant weapon for 105 gold pieces
  4537 | D:4      | Bought a scroll of identify for 28 gold pieces
  4813 | D:4      | Noticed Sigmund
  4816 | D:4      | Found a sacrificial altar of Ru.
  4822 | D:4      | Killed Sigmund
  4822 | D:4      | Reached XP level 7. HP: 23/32 MP: 15/17
  4918 | D:4      | Found a basalt altar of Yredelemnul.
  5137 | D:4      | Noticed Robin
  5144 | D:4      | Reached * piety under Dithmenos
  5169 | D:4      | Killed Robin
  5663 | D:5      | Entered Level 5 of the Dungeon
  5745 | D:5      | Reached skill level 1 in Fighting
  5969 | D:5      | Found Vaaz's Gadget Shoppe.
  6728 | D:6      | Noticed asdu's ghost (novice NaIE)
  6973 | D:6      | Reached ** piety under Dithmenos
  6978 | D:6      | Reached XP level 8. HP: 25/40 MP: 10/18
  7200 | D:6      | Found a staircase to the Ecumenical Temple.
  7539 | D:6      | Killed asdu's ghost
  7539 | D:6      | Reached skill level 8 in Stealth
  7653 | D:6      | Reached skill level 9 in Stealth
  7822 | D:6      | Reached skill level 10 in Stealth
  7999 | D:7      | Found an opulent altar of Gozag.
  8415 | D:7      | Learned a level 1 spell: Animate Skeleton
  8684 | D:7      | Found a deep blue altar of Sif Muna.
  8791 | D:7      | Reached XP level 9. HP: 44/44 MP: 20/22
  8806 | D:7      | Reached skill level 1 in Ice Magic
  8891 | D:7      | Found a sacrificial altar of Ru.
  9222 | D:8      | Reached *** piety under Dithmenos
  9740 | D:8      | Found a blossoming altar of Fedhas.
 10147 | D:8      | Found a white marble altar of Elyvilon.
 10799 | D:4      | Bought a scroll of noise for 14 gold pieces
 10799 | D:4      | Bought a scroll of enchant armour for 105 gold pieces
 10799 | D:4      | Bought a scroll of amnesia for 49 gold pieces
 10799 | D:4      | Bought a scroll of remove curse for 42 gold pieces
 10799 | D:4      | Bought a scroll of fear for 49 gold pieces
 10799 | D:4      | Bought a scroll of immolation for 49 gold pieces
 11157 | D:9      | Found a staircase to the Lair.
 11163 | D:9      | Reached skill level 11 in Stealth
 11168 | D:9      | Noticed Psyche
 11186 | D:9      | Killed Psyche
 11186 | D:9      | Reached XP level 10. HP: 48/48 MP: 21/24
 11465 | D:4      | Bought a scroll of magic mapping for 49 gold pieces
 11656 | D:8      | Reached skill level 12 in Stealth
 11790 | D:9      | Reached skill level 1 in Necromancy
 11971 | D:9      | Noticed a cyclops
 12134 | D:9      | Killed a cyclops
 12205 | D:9      | Found a glowing golden altar of the Shining One.
 12531 | D:10     | Entered Level 10 of the Dungeon
 12533 | D:10     | Noticed a two-headed ogre
 12842 | D:10     | Reached **** piety under Dithmenos
 12856 | D:10     | Reached skill level 5 in Fighting
 12868 | D:10     | Killed a two-headed ogre
 13584 | D:10     | Noticed an unseen horror
 13588 | D:10     | Killed an unseen horror
 14080 | D:11     | Reached XP level 11. HP: 58/58 MP: 23/25
 14755 | D:11     | Learned a level 5 spell: Summon Forest
 14821 | D:11     | Reached skill level 1 in Translocations
 14830 | D:11     | Noticed a white ugly thing
 14837 | D:11     | Slain by a white ugly thing

Skill      XL: |  1  2  3  4  5  6  7  8  9 10 11 |
---------------+----------------------------------+-----
Spellcasting   | 3 5 6 8 9 |  9.1
Stealth        | 5 10 11 12 | 12.0
Hexes          | 4 5 7 9 |  9.0
Short Blades   | 2 3 4 |  4.3
Fighting       | 3 4 7 8 |  8.1
Ice Magic      | 3 |  3.1
Necromancy     | 3 |  3.8
Translocations | 3 |  3.2
Dodging        | |  3.0

Action                   |  1- 3 |  4- 6 |  7- 9 | 10-12 || total
-------------------------+-------+-------+-------+-------++-------
Melee: Dagger            |    60 |   127 |   441 |   237 ||   865
 Cast: Corona            |    17 |    32 |    39 |     3 ||    91
       Ensorcelled Hiber |     3 |     9 |     9 |     1 ||    22
       Confuse           |       |     7 |    47 |    54 ||   108
       Tukima's Dance    |       |     2 |     4 |     6 ||    12
       Animate Skeleton  |       |       |       |     4 ||     4
  Use: Scroll            |       |     2 |     1 |     1 ||     4
       Potion            |       |       |       |     1 ||     1
 Stab: Sleeping          |    19 |    19 |    29 |     9 ||    76
       Confused          |       |     4 |    25 |    19 ||    48
       Distracted        |       |       |       |     2 ||     2
  Eat: Ration            |       |     1 |     3 |     2 ||     6
Armor: Robe              |     6 |    12 |    15 |     3 ||    36
       Skin              |       |       |       |     1 ||     1
Dodge: Dodged            |    30 |    83 |   280 |   111 ||   504
Block: Other             |       |       |     1 |     9 ||    10
       Reflection        |       |       |       |     1 ||     1
